 Dungeon Crawl Stone Soup version 0.28.0 (webtiles) character file.

Game seed: 15079372579065962427

56 avis the Chopper (level 3, -8/36 HPs)
             Began as a Hill Orc Monk on Feb 14, 2022.
             Splashed by a jelly's acid (11 damage)
             ... on level 2 of the Dungeon.
             The game lasted 00:13:09 (2210 turns).

avis the Chopper (Hill Orc Monk)                    Turns: 2210, Time: 00:13:11

Health: -8/36      AC: -6    Str: 15    XL:     3   Next: 97%
Magic:  12/12      EV: 12    Int: 10    God:
Gold:   50         SH:  0    Dex: 13    Spells: 2/2 levels left

rFire   . . .      SeeInvis +   a - +0 hand axe
rCold   . . .      Faith    .   (no shield)
rNeg    . . .      Spirit   .   b - +0 robe
rPois   .          Reflect  .   (no helmet)
rElec   .          Harm     .   (no cloak)
rCorr   .          Rampage  .   (no gloves)
Will    .....                   (no boots)
Stlth   ++........              (no amulet)
HPRegen 0.12/turn               e - ring of magical power
MPRegen 0.13/turn               h - ring of see invisible

@: corroded
A: no striking features
a: no special abilities


You were on level 2 of the Dungeon.
You visited 1 branch of the dungeon, and saw 3 of its levels.

You collected 50 gold pieces.

Inventory:

Hand Weapons
 a - a +0 hand axe (weapon)
 f - a +0 spear
Missiles
 c - 50 stones (quivered)
 k - 18 sling bullets
 m - a throwing net
 n - 2 bolts
Armour
 b - a +0 robe (worn)
Jewellery
 e - a ring of magical power (left hand)
 h - a ring of see invisible (right hand)
Scrolls
 g - a scroll of fog {unknown}
 l - 2 scrolls of identify {unknown}
Potions
 d - a potion of might {unknown}
 i - 2 potions of lignification {unknown}
 j - a potion of attraction {unknown}


   Skills:
 - Level 5.0 Fighting
 * Level 5.1 Axes
 - Level 2.4 Dodging
 - Level 1.5 Stealth


You had 2 spell levels left.
You didn't know any spells.
Your spell library was empty.

Dungeon Overview and Level Annotations

Branches:
Dungeon (3/15)

Altars:
Hepliaklqana


Message History

There is a stone staircase leading down here.
The bat closely misses you.
You hit the bat.
You kill the bat!
HP restored.
Found an escape hatch in the ceiling.
Unknown command.
Unknown command.
There is an escape hatch in the ceiling here.
A mysterious force pulls you upwards. The hatch slams shut behind you.
Search for what [Enter for "armour", or ? for help]? .
Done exploring.
You open the door.
There is an open door here.
There is a fountain of clear blue water here.
There is a stone staircase leading down here.
You climb downwards.
There is a stone staircase leading up here.
c - 50 stones (gained 19)
Found a robe.
A jelly comes into view.
You barely miss the jelly. The jelly closely misses you.
You hit the jelly.
Your hands burn!
The jelly is heavily wounded.
The jelly hits you.
You are splashed with acid!
You barely miss the jelly.
The jelly is heavily wounded.
The jelly closely misses you.
You hit the jelly. The acid corrodes you!
Your hands burn!
The jelly is severely wounded.
The jelly hits you.
You are splashed with acid!
* * * LOW HITPOINT WARNING * * *
You hit the jelly but do no damage.
Your hands burn!
* * * LOW HITPOINT WARNING * * *
The jelly is severely wounded.
The jelly jiggles.
The jelly hits you.
* * * LOW HITPOINT WARNING * * *
The acid corrodes you!
You are splashed with acid!
You die...

..# #.# # #.#
#.##. . #.# #...
.###### #.# #.[#
...)<.## #.# #..#
##.....###.####..#
.#...........##..#
.................#
.##...#.##.#.###@#
...........#.# #J#
####.#........ ..#
#.#..####......
#....# #######
##...# #...# #.<.#
#...#


You could see a jelly.

Vanquished Creatures
  An adder (D:2)
  A worm (D:1)
  13 endoplasms (D:1)
  3 giant cockroaches (D:1)
  4 goblins (D:1)
  A hobgoblin (D:1)
  3 jackals (D:1)
  2 quokkas
  3 ball pythons
  2 bats
  A frilled lizard (D:1)
  2 kobolds
  2 rats (D:1)
38 creatures vanquished.

Notes
Turn   | Place    | Note
-------+----------+-------------------------------------------
     0 | D:1      | avis the Hill Orc Monk began the quest for the Orb.
     0 | D:1      | Reached XP level 1. HP: 19/19 MP: 1/1
     1 | D:1      | Found a runed translucent door.
   172 | D:1      | Reached XP level 2. HP: 22/27 MP: 2/2
   260 | D:1      | Found a faded altar of an unknown god.
   866 | D:1      | Reached skill level 5 in Axes
  1044 | D:1      | Reached XP level 3. HP: 23/33 MP: 3/3
  1890 | D:2      | Reached skill level 5 in Fighting
  2127 | D:2      | Found a hazy altar of Hepliaklqana.
  2210 | D:2      | Splashed by a jelly's acid

Illustrated notes

Levels and vault maps discovered:
D:1:      dpeg_arrival_caged_fury, layout_basic,
          shapermc_ecumenical_altar_totnotflames, minmay_misc_feat_iff
D:2:      layout_loops_ring, basic_altar, minmay_hexomino_f4, uniq_robin
D:3:      minmay_diamond_boxcup, layout_loops_ring, serial_shops, shop

Skill      XL: |  1  2  3 |
---------------+----------+-----
Fighting       | 4 5 |  5.0
Axes           | 5 |  5.1
Dodging        | |  2.4
Stealth        | |  1.5

Action                   || total
-------------------------++-------
Melee: Hand axe          ||   164
       Punch             ||     1
Throw: Stone             ||     8
 Stab: Sleeping          ||     3
Armor: Robe              ||    28
Dodge: Dodged            ||    94
